 Dungeon Crawl Stone Soup version 0.30-a0-972-gf3ab3527aa (webtiles) character file.

Game seed: 8882498548781373051

480 Zonian the Ruffian (level 7, -1/87 HPs)
             Began as a Barachi Gladiator on Apr 1, 2023.
             Succumbed to Sigmund's poison
             ... on level 3 of the Dungeon.
             The game lasted 00:05:15 (2013 turns).

Zonian the Ruffian (Barachi Gladiator)              Turns: 2013, Time: 00:05:15

Health: -1/87      AC: 10    Str: 18    XL:     7   Next: 12%
Magic:  7/7        EV: 10    Int:  8    God:
Gold:   164        SH:  0    Dex: 13    Spells: 6/6 levels left

rFire   + + .      SeeInvis .      - Unarmed
rCold   x . .      Faith    .    (no shield)
rNeg    . . .      Spirit   .    g - +0 fire dragon scales
rPois   .          Reflect  .    b - +0 helmet
rElec   .          Rampage  .    h - scarf {+Inv}
rCorr   .                        o - +0 pair of gloves
Will    .....                    (no boots) Stlth
                                 (no amulet)
HPRegen 0.34/turn                (no ring)
MPRegen 0.10/turn                (no ring)

@: berserking (expiring), lethally poisoned (-1 -> -13), silenced, very quick
A: amphibious, slowness 1, strong legs 1, +LOS
a: Hop, Evoke Invisibility


You were on level 3 of the Dungeon.
You visited 1 branch of the dungeon, and saw 3 of its levels.

You collected 164 gold pieces.

Inventory:

Missiles
 c - 3 throwing nets (quivered)
 d - a javelin
 n - 6 boomerangs
Armour
 a - a +0 leather armour
 b - a +0 helmet (worn)
 g - +0 fire dragon scales (worn)
 h - a scarf of invisibility (worn)
 o - a +0 pair of gloves (worn)
Jewellery
 j - an amulet of the acrobat
Scrolls
 i - a scroll of fear {unknown}
 k - 3 scrolls of fog {unknown}
 l - a scroll of teleportation {unknown}


   Skills:
 + Level 6.0 Fighting
 - Level 2.8 Throwing
 - Level 4.0 Dodging
 + Level 6.1 Unarmed Combat


You had 6 spell levels left.
You didn't know any spells.
Your spell library contained the following spells:

 Spells                   Type           Power      Damage    Failure   Level
 Slow                     Hex            0%         N/A       88%         1
 Confusing Touch          Hex            0%         N/A       99%         3
 Vampiric Draining        Necr           0%         2d6       99%         3
 Airstrike                Air            0%         2d(0-16)  100%        4
 Summon Lightning Spire   Summ/Air       0%         N/A       100%        4
 Plasma Beam              Fire/Air       0%         2x1d7     100%        5


Dungeon Overview and Level Annotations

Branches:
Dungeon (3/15)

Altars:

Portals:
Abyss: D:3

Annotations:
D:3 1 transporter, 123456's ghost, amateur GrEE


Innate Abilities, Weirdness & Mutations

You are amphibious.
You cover ground slowly.
You can hop short distances.
You have an extended range of vision and can be seen from far away.


Message History

You closely miss something.
You feel sick. Something hits you.
* * * LOW HITPOINT WARNING * * *
You are lethally poisoned!
Unknown command.
It was a potion of berserk rage.
A red film seems to cover your vision as you go berserk!
You feel yourself moving faster!
You feel mighty!
You feel very sick.
You miss something.
You feel sick. Something hits you but does no damage.
You are lethally poisoned!
You completely miss something.
* * * LOW HITPOINT WARNING * * *
You feel very sick.
You closely miss something.
* * * LOW HITPOINT WARNING * * *
You feel sick.
You closely miss something. Your punch misses something.
* * * LOW HITPOINT WARNING * * *
You feel sick. Something hits you.
* * * LOW HITPOINT WARNING * * *
You are more poisoned.
You punch something!
Reactivating autopickup.
You feel a bit more experienced.
* * * LOW HITPOINT WARNING * * *
You feel very sick.
Your Fighting skill increases to level 6!
Your Unarmed Combat skill increases to level 6!
You have reached level 7!
You are too berserk!
Unknown command.
You are too berserk!
Unknown command.
* * * LOW HITPOINT WARNING * * *
You feel very sick.
Things that are here:
a +0 scythe of venom; a +2 robe Unknown command.
You feel a strong urge to attack something.
You die...

.......####...##.#
##...###5.#......#
#..##..K##...####
.####.#..#....# .
....#.x##...##
......###x##...# ##
©#.... #.W5#...#
#.## ...###
#####...######...##
###.#
#.....@).......#
##. ..##
##...#######...##
#...###.#.##..#
#.##
#..##......#..# .#
#..# ....##..# #
#..## ####...# ###
.## ....####©.....#
#.. ..#
.....##.......# #.#
..# ..............#
#.###..#


You could see a small abomination, an iron imp and 123456's ghost.

Vanquished Creatures
  Grinder (D:3)
  Sigmund (D:3)
  A gnoll (D:1)
  5 adders
  2 worms (D:2)
  A dart slug (D:3)
  4 orcs (D:2)
  7 ball pythons
  2 endoplasms
  2 giant cockroaches (D:1)
  4 hobgoblins
  6 jackals (D:2)
  2 quokkas
  4 bats
  3 frilled lizards
  4 goblins
  A kobold (D:3)
  11 rats
61 creatures vanquished.

Vanquished Creatures (others)
  A fungus (D:3)
1 creature vanquished.

Grand Total: 62 creatures vanquished

Notes
Turn   | Place    | Note
-------+----------+-------------------------------------------
     0 | D:1      | Zonian the Barachi Gladiator began the quest for the Orb.
     0 | D:1      | Reached XP level 1. HP: 17/17 MP: 1/1
   107 | D:1      | Reached XP level 2. HP: 22/23 MP: 2/2
   517 | D:1      | Reached XP level 3. HP: 20/28 MP: 3/3
   944 | D:2      | Reached XP level 4. HP: 33/35 MP: 4/4
  1467 | D:3      | Noticed Grinder
  1468 | D:3      | Paralysed by Grinder for 3 turns
  1478 | D:3      | Killed Grinder
  1479 | D:3      | Reached skill level 5 in Fighting
  1479 | D:3      | Reached skill level 5 in Unarmed Combat
  1479 | D:3      | Reached XP level 5. HP: 44/44 MP: 5/5
  1479 | D:3      | Reached XP level 6. HP: 51/51 MP: 6/6
  1503 | D:3      | Found a transporter.
  1509 | D:3      | Noticed a small abomination
  1527 | D:3      | Noticed Sigmund
  1615 | D:3      | Found a faded altar of an unknown god.
  1742 | D:3      | Noticed 123456's ghost (amateur GrEE)
  1871 | D:3      | Found a one-way gate to the infinite horrors of the Abyss.
  1982 | D:3      | Noticed a small abomination
  2011 | D:3      | Killed Sigmund
  2012 | D:3      | Reached XP level 7. HP: 4/58 MP: 7/7
  2012 | D:3      | HP: 1/87 [poisoned by Sigmund]
  2013 | D:3      | Succumbed to Sigmund's poison

Illustrated notes

Levels and vault maps discovered:
D:1:      eino_arrival_water_cross, layout_basic, minmay_ruptured
D:2:      layout_loops_ring
D:3:      layout_loops_corners, gammafunk_ghost_abyssal_escape,
          shapermc_ecumenical_altar_acropolis, uniq_sigmund, uniq_grinder

Skill      XL: |  1  2  3  4  5  6 |
---------------+-------------------+-----
Fighting       | 3 5 6 |  6.0
Dodging        | 4 |  4.0
Unarmed Combat | 5 6 |  6.1
Throwing       | |  2.8

Action                     |  1- 3 |  4- 6 |  7- 9 || total
---------------------------+-------+-------+-------++-------
  Melee: Unarmed           |   108 |   126 |       ||   234
         Punch             |     2 |     3 |       ||     5
  Throw: Javelin           |     1 |       |       ||     1
    Use: Scroll            |       |     4 |       ||     4
         Potion            |       |     4 |       ||     4
   Stab: Sleeping          |     1 |       |       ||     1
 Armour: Leather armour    |    30 |       |       ||    30
         Fire dragon scale |    19 |    53 |       ||    72
         Skin              |       |     5 |       ||     5
  Dodge: Dodged            |    75 |    55 |       ||   130

Table legend: (Time is in decaauts)
 A = Elapsed time spent in this place.
 B = Non-inter-level travel time spent in this place.
 C = Inter-level travel time spent in this place.
 D = Time resting spent in this place.
 E = Time spent auto-exploring this place.
 F = Levels seen in this place.
 G = Mean time per level.
                   A        B        C        D        E       F      G
               +--------+--------+--------+--------+--------+-----+--------+
         Total |   2295 |   2242 |     53 |     19 |   1589 |   3 |  765.0 |
       Dungeon |   2295 |   2242 |     53 |     19 |   1589 |   3 |  765.0 |
               +--------+--------+--------+--------+--------+-----+--------+

Top non-repeatable levels by time:
     D:1: 843 daAuts
     D:2: 792 daAuts
     D:3: 658 daAuts
